 Dungeon Crawl Stone Soup version 0.31-a0-150-g89dc3ad700 (webtiles) character file.

Game seed: 3467645301813938031

29 qw the Shooter (level 3, -5/21 HPs)
             Began as a Gargoyle Hunter on June 8, 2023.
             Slain by Natasha (7 damage)
             ... on level 2 of the Dungeon.
             The game lasted 00:00:20 (1128 turns).

qw the Shooter (Gargoyle Hunter)                    Turns: 1128, Time: 00:00:21

Health: -5/21      AC:  8    Str: 14    XL:     3   Next: 16%
Magic:  3/3        EV: 10    Int:  9    God:
Gold:   28         SH:  0    Dex: 15    Spells: 2/2 levels left

rFire   . . .        Y - +0 shortbow
rCold   . . .        (shield currently unavailable)
rNeg    + . .        h - +0 ring mail
rPois   inf          (no helmet)
rElec   +            (no cloak)
rCorr   .            (no gloves)
SInv    .            (no boots)
Will    .....        (no amulet)
Stlth   +            (no ring)
HPRegen 0.23/turn    (no ring)
MPRegen 0.08/turn

%: no passive effects
@: slowed, very slow
A: sickness immunity, AC +3, negative energy resistance 1, electricity
resistance, torment resistance 1, petrification resistance
a: no special abilities


You were on level 2 of the Dungeon.
You visited 1 branch of the dungeon, and saw 2 of its levels.

You collected 28 gold pieces.


Innate Abilities, Weirdness & Mutations

You are immune to sickness and miasma.
Your stone body is resilient. (AC +3)
You are immune to poison.
You resist negative energy. (rN+)
You are resistant to electric shocks. (rElec)
You are resistant to unholy torment.
You are immune to petrification.


   Skills:
 - Level 2.1 Fighting
 - Level 4.9 Ranged Weapons
 + Level 0.3 Armour
 - Level 1.5 Dodging
 - Level 1.1 Stealth


You had 2 spell levels left.
You didn't know any spells.
Your spell library was empty.

Inventory:

Hand Weapons
 Y - a +0 shortbow (weapon)
Armour
 h - a +0 ring mail (worn)

Dungeon Overview and Level Annotations

Branches:
Dungeon (2/15)

Altars:

Annotations:
D:2 Natasha


Message History

An adder comes into view.
1119 ||| Stepping ~*~*~tactically~*~*~ (outnumbered).
1121 ||| Stepping ~*~*~tactically~*~*~ (outnumbered).
You shoot an arrow.
The arrow hits Natasha but does no damage.
You shoot an arrow. The arrow barely misses Natasha.
Natasha growls.
Natasha claws you.
The cerulean imp hits you but does no damage.
Natasha stares at you and mumbles some strange words.
You feel yourself slow down.
The cerulean imp hits you but does no damage.
You shoot an arrow. The arrow hits the adder.
The adder is moderately wounded.
The adder barely misses you. Natasha closely misses you.
The cerulean imp hits you but does no damage.
The adder bites you but does no damage. Natasha barely misses you.
You shoot an arrow. The arrow barely misses the adder.
The cerulean imp closely misses you. The adder bites you but does no damage.
Natasha claws you.
The cerulean imp hits you but does no damage.
The adder bites you but does no damage.
You shoot an arrow. The arrow barely misses the adder.
The adder bites you but does no damage. Natasha claws you but does no damage.
The cerulean imp hits you but does no damage.
The adder bites you. Natasha claws you. The cerulean imp closely misses you.
The adder bites you but does no damage.
You shoot an arrow. The arrow closely misses the adder.
The adder barely misses you. Natasha claws you.
The cerulean imp hits you but does no damage.
The adder bites you but does no damage. Natasha claws you!
The cerulean imp hits you but does no damage.
You shoot an arrow. The arrow hits the adder.
The adder is heavily wounded.
The adder bites you but does no damage. Natasha claws you but does no damage.
The cerulean imp barely misses you. The adder bites you but does no damage.
Natasha mumbles some strange words.
You feel disoriented. Natasha claws you!
You die...

###.....#..#....#
###......#.##.#
#....#.#.# .#
#..###...# .#
#.%# ##### .#
#..# .#
########..#
...[......#
########@.# #hS#
...5..5......#
...S...........
########.###.##
.# .. .# . .. .#


You could see Natasha, a cerulean imp (summoned) and an adder.

Vanquished Creatures
  A worm (D:1)
  3 ball pythons (D:1)
  3 bats
  4 endoplasms
  3 goblins (D:1)
  2 quokkas (D:1)
  2 frilled lizards (D:1)
  4 kobolds (D:1)
  3 rats (D:1)
25 creatures vanquished.

Notes
Turn   | Place    | Note
-------+----------+-------------------------------------------
     0 | D:1      | qw the Gargoyle Hunter began the quest for the Orb.
     0 | D:1      | Reached XP level 1. HP: 12/12 MP: 1/1
     0 | D:1      | 0 ||| qw: Version: 0.2-a-119-g7aa9181
     0 | D:1      | 0 ||| qw: Game counter: 2858
     0 | D:1      | 0 ||| qw: Always use a shield: true
     0 | D:1      | 0 ||| qw: God list: Okawaru
     0 | D:1      | 0 ||| qw: Allow faded altars: false
     0 | D:1      | 0 ||| qw: Do Orc after D:15 true
     0 | D:1      | 0 ||| qw: Do second Lair branch before Depths: true
     0 | D:1      | 0 ||| qw: Lair rune preference: random
     0 | D:1      | 0 ||| qw: Plans: Normal
     0 | D:1      | 0 ||| PLANNING D:1-11
   146 | D:1      | Reached XP level 2. HP: 15/17 MP: 2/2
   669 | D:1      | Reached XP level 3. HP: 21/21 MP: 3/3
  1011 | D:1      | 1011 ||| UPGRADING to +0 ring mail.
  1021 | D:1      | 1021 ||| DROPPING +0 leather armour.
  1022 | D:1      | 1022 ||| READING scroll labelled HAEL XONUONUI.
  1023 | D:1      | 1023 ||| READING scroll labelled ZOUHIAGHOM.
  1024 | D:1      | 1024 ||| READING scroll labelled MOCOOJE USTUEB.
  1025 | D:1      | 1025 ||| READING scroll labelled APRAPU QUASSUCW.
  1039 | D:1      | 1039 ||| DROPPING scroll of butterflies.
  1117 | D:2      | Noticed Natasha
  1119 | D:2      | 1119 ||| Stepping ~*~*~tactically~*~*~ (outnumbered).
  1121 | D:2      | 1121 ||| Stepping ~*~*~tactically~*~*~ (outnumbered).
  1127 | D:2      | HP: 1/21 [Natasha (7)]
  1128 | D:2      | Slain by Natasha

Levels and vault maps discovered:
D:1:      dpeg_arrival_brainrot, layout_basic, hex_large, minivault_19
D:2:      minmay_chambers_of_twos, layout_loops_ring, basic_altar,
          minmay_misc_feat_columns, minmay_rat_hole, uniq_natasha

Action                     || total
---------------------------++-------
   Fire: Shortbow          ||    78
    Use: Scroll            ||     4
 Armour: Leather armour    ||     3
         Ring mail         ||    19
  Dodge: Dodged            ||    20

Table legend:
 A = Non-vault XP
 B = Vault XP
 C = Vault XP percentage of total XP
 D = Non-vault monster count
 E = Vault monster count
 F = Vault count percentage of total count
                 A         B        C        D         E       F
            +---------+---------+-------+---------+---------+-------
      Total |      37 |       5 |  11.9 |      24 |       1 |   4.0
            +---------+---------+-------+---------+---------+-------
        D:1 |      33 |       5 |  13.2 |      21 |       1 |   4.5
        D:2 |       4 |       0 |   0.0 |       3 |       0 |   0.0
            +---------+---------+-------+---------+---------+-------
